Map: Frost LE

Players

Miszu

  • Race: Zerg Zerg
  • League: Master

PurpleHAZe - Winner!

  • Race: Protoss Protoss
  • League: Master

VOD

Have the link to the VOD?

Description

Time

  • Played on: July 1, 2016, 6:21 p.m.
  • Length: 9:56
Show
View Real Time Build Order
Export as new Build Order

Miszu Zerg 

Build Orders: Hatch First 

Get SALT Encoding   

  12  0:01  Drone  
  13  0:14  Overlord  
  13  0:18  Drone  
  14  0:33  Drone x2  
  16  0:38  Drone  
  17  0:55  Hatchery  
  17  0:57  Drone  
  17  1:00  Drone  
  18  1:09  Drone  
  19  1:15  Extractor  
  18  1:22  Drone, Spawning Pool  
  18  1:30  Drone  
  19  1:59  Overlord  
  19  2:08  Queen x2  
  19  2:11  Zergling x6  
  19  2:14  Metabolic Boost  
  26  2:18  Drone x2  
  28  2:23  Drone  
  28  2:28  Overlord  
  29  2:42  Drone x2  
  31  2:45  Queen  
  31  2:48  Drone  
  31  2:51  Drone  
  35  2:52  Evolution Chamber  
  35  2:58  Drone  
  34  3:02  Zergling x2  
  35  3:07  Zergling x2  
  35  3:23  Drone x7  
  39  3:36  Drone x3  
  39  3:39  Zerg Melee Weapons Level 1  
  41  3:47  Drone  
  42  3:54  Drone x2  
  42  3:55  Pneumatized Carapace  
  44  3:58  Hatchery  
  44  4:02  Spore Crawler  
  42  4:08  Spore Crawler  
  41  4:12  Drone x5  
  44  4:31  Evolution Chamber  
  40  4:41  Overlord x3  
  40  4:43  Overlord  
  40  4:49  Lair  
  40  4:59  Queen, Drone x6  
  50  5:00  Drone x2  
  50  5:02  Zerg Ground Armor Level 1  
  50  5:05  Drone  
  51  5:12  Drone x4  
  55  5:16  Spore Crawler  
  55  5:19  Drone x3  
  56  5:28  Overlord  
  56  5:39  Drone x7  
  65  5:49  Overlord, Queen  
  67  5:53  Overlord  
  67  5:54  Zergling x4  
  67  5:55  Zergling x2  
  68  6:09  Zergling x16  
  74  6:14  Overlord  
  74  6:17  Zerg Melee Weapons Level 2  
  74  6:23  Hatchery  
  73  6:26  Zergling x6  
  73  6:30  Hatchery  
  75  6:33  Zergling x8  
  75  6:34  Baneling Nest, Zergling x4  
  75  6:35  Zergling x2  
  81  6:42  Zergling x10  
  81  6:44  Zergling x2  
  87  6:49  Overlord x2  
  86  6:57  Zergling x2  
  86  6:59  Zergling x2  
  88  7:04  Zergling x14  
  93  7:12  Zergling x4  
  93  7:15  Zergling x2  
  92  7:21  Extractor  
  92  7:22  Extractor, Zergling x4  
  91  7:26  Zergling x2  
  91  7:42  Zergling x12  
  88  7:46  Zergling x6  
  88  7:47  Zergling x2  
  88  7:49  Zergling x8  
  92  7:55  Zergling x10  
  91  8:02  Zergling x12  
  90  8:10  Zergling x6  
  92  8:14  Zergling x4  
  92  8:16  Zergling x2  
  93  8:23  Zergling x2  
  93  8:24  Zergling x4  
  93  8:28  Drone x3  
  96  8:38  Zergling x10  
  97  8:51  Hatchery  
  97  8:52  Zergling x8  
  97  8:53  Zergling x2  
  97  8:54  Zergling x2  
  99  8:58  Zergling x10  
  99  9:00  Zergling x2  
  104  9:04  Zergling x6  
  104  9:05  Zergling x2  
  106  9:12  Zergling x4  
  106  9:13  Zergling x8  
  103  9:21  Zergling x4  
  97  9:24  Zergling x4  
  97  9:26  Zergling x4  
  97  9:27  Zergling x2  
  90  9:32  Zergling x2  
  90  9:34  Zergling x8  
  98  9:46  Infestation Pit  
Show
View Real Time Build Order
Export as new Build Order

PurpleHAZe Protoss - Winner!

Build Orders: Oracle Opening, Phoenix Opening 

Get SALT Encoding   

  12  0:01  Probe (Chrono Boost)  
  13  0:11  Probe (Chrono Boost)  
  14  0:18  Pylon  
  14  0:22  Probe (Chrono Boost)  
  15  0:36  Probe (Chrono Boost)  
  15  0:39  Gateway  
  16  0:47  Probe (Chrono Boost)  
  16  0:48  Assimilator  
  17  0:57  Assimilator, Probe (Chrono Boost)  
  18  1:08  Probe (Chrono Boost)  
  20  1:18  Probe (Chrono Boost)  
  20  1:28  Cybernetics Core  
  20  1:31  Probe (Chrono Boost)  
  21  1:42  Pylon  
  21  1:43  Probe (Chrono Boost)  
  22  1:53  Probe (Chrono Boost)  
  23  2:08  Nexus  
  23  2:12  Adept (Chrono Boost)  
  25  2:15  Warp Gate  
  25  2:22  Probe  
  26  2:27  Stargate  
  28  2:37  Stalker (Chrono Boost)  
  28  2:40  Probe  
  29  2:51  Pylon  
  29  2:52  Probe  
  30  3:04  Probe  
  31  3:11  Oracle (Chrono Boost)  
  34  3:16  Mothership Core  
  34  3:19  Probe  
  37  3:29  Probe  
  38  3:37  Probe  
  38  3:40  Probe  
  37  3:41  Pylon  
  37  3:42  Phoenix (Chrono Boost)  
  40  3:48  Gateway  
  40  3:50  Probe x2  
  40  3:55  Gateway  
  42  4:01  Probe  
  42  4:02  Probe  
  44  4:11  Probe  
  44  4:14  Probe  
  46  4:18  Pylon  
  46  4:22  Probe  
  46  4:24  Sentry  
  49  4:26  Probe  
  49  4:29  Pylon  
  50  4:33  Probe  
  50  4:38  Probe  
  52  4:43  Probe  
  53  4:49  Adept x2  
  53  4:50  Probe  
  58  4:54  Probe  
  58  4:55  Adept  
  58  4:58  Nexus  
  61  5:00  Pylon  
  61  5:04  Pylon, Probe x2  
  63  5:15  Probe  
  63  5:16  Probe  
  63  5:20  Assimilator  
  65  5:22  Assimilator  
  65  5:26  Sentry x2  
  65  5:27  Sentry  
  65  5:28  Robotics Facility  
  71  5:29  Probe  
  71  5:30  Forge  
  71  5:31  Probe  
  73  5:46  Probe  
  73  5:47  Probe  
  75  5:56  Probe  
  75  5:57  Twilight Council  
  72  5:59  Probe  
  72  6:01  Gateway  
  72  6:03  Gateway x2  
  74  6:08  Protoss Ground Weapons Level 1 (Chrono Boost), Probe  
  74  6:11  Probe  
  76  6:13  Probe  
  76  6:15  Adept x2  
  82  6:20  Warp Prism (Chrono Boost), Probe  
  82  6:23  Probe  
  82  6:24  Probe  
  86  6:28  Pylon  
  86  6:33  Probe  
  86  6:35  Probe  
  86  6:37  Probe  
  89  6:44  Adept x2  
  89  6:47  Adept, Immortal (Chrono Boost)  
  93  6:48  Probe, Resonating Glaives (Chrono Boost)  
  93  6:49  Probe  
  93  6:50  Probe  
  93  6:52  Assimilator  
  100  6:56  Assimilator  
  99  7:01  Adept  
  99  7:07  Pylon, Probe x2  
  103  7:09  Adept x3  
  103  7:15  Probe  
  105  7:19  Probe x2  
  105  7:22  Gateway  
  108  7:24  Gateway  
  108  7:25  Probe  
  108  7:26  Pylon  
  108  7:28  Pylon  
  109  7:31  Templar Archives  
  109  7:33  Zealot x3  
  115  7:44  Zealot x3  
  117  7:45  Probe  
  122  7:56  Immortal  
  122  7:59  Zealot x3  
  124  8:23  Gateway  
  124  8:25  Gateway, Zealot  
  124  8:26  Pylon  
  120  8:28  High Templar x4  
  120  8:29  High Templar x3  
  120  8:33  Archon x2  
  134  8:34  Archon  
  134  8:35  Immortal  
  138  8:43  Photon Cannon  
  138  8:47  Photon Cannon  
  138  8:53  Sentry  
  140  9:01  Adept  
  140  9:07  Pylon x2  
  140  9:09  Pylon  
  140  9:14  Zealot  
  138  9:27  Adept x4  
  138  9:28  Adept  
  138  9:30  High Templar, Pylon  
  148  9:33  Pylon  
  148  9:34  Pylon  
  148  9:38  Zealot  
  148  9:41  Pylon  
  148  9:42  Pylon  
  148  9:48  Archon  
  148  9:50  Zealot x5  
  148  9:52  Gateway  
Tags
 
Add a new tag
Caveats
  • Supply blocks, unpowered buildings, or Contaminate may cause inaccurate times.
  • Supply counts are checked every 10 seconds.